2323 views
Uploaded 2021-08-11 17:07:29
Game version 1.32.10
22:54 long 1on1 ladder game on (2)EchoIsles
Saved by aom
2323 views
Uploaded 2021-08-11 17:07:29
Game version 1.32.10
22:54 long 1on1 ladder game on (2)EchoIsles

34 units @ 5.4k
/ 0.7k
11 buildings @ 1.8k
/ 0.7k



| Rod of Necromancy | 5 | 750 |
| Ritual Dagger | 2 | 250 |
| Orb of Corruption | 1 | 375 |
| Potion of Healing | 1 | 150 |
| Scroll of Healing | 1 | 250 |
| Circlet of Nobility | 1 | 175 |
| Talisman of Evasion | 1 | 300 |
| Ring of Protection +4 | 2 | 600 |
| Ring of Protection +3 | 1 | 125 |
| total: | 15 | 2975g |
| Acolyte | 4 | 300 | / | 0 |
| Ghoul | 10 | 1200 | / | 0 |
| Crypt Fiend | 4 | 860 | / | 160 |
| Obsidian Statue | 3 | 600 | / | 105 |
| Gargoyle | 10 | 1750 | / | 300 |
| Abomination | 2 | 480 | / | 140 |
| Forest Troll Shadow Priest | 1 | 195 | / | 10 |
| total: | 34 | 5385g | / | 715w |
| Nerubian Tower | 1 | 100 | / | 20 |
| Altar of Darkness | 1 | 180 | / | 50 |
| Ziggurat | 4 | 600 | / | 200 |
| Crypt | 2 | 400 | / | 100 |
| Tomb of Relics | 1 | 130 | / | 30 |
| Graveyard | 1 | 215 | / | 0 |
| Slaughterhouse | 2 | 280 | / | 270 |
| Halls of the Dead | 1 | 320 | / | 210 |
| Black Citadel | 1 | 325 | / | 230 |
| total: | 11 | 1805g | / | 650w |
| 0:03 | Acolyte |
| 0:05 | Altar of Darkness |
| 0:06 | Ziggurat |
| 0:14 | Acolyte |
| 0:35 | Crypt |
| 0:51 | Tomb of Relics |
| 1:13 | Graveyard |
| 1:36 | Ghoul |
| 1:36 | Ghoul |
| 1:37 | Ghoul |
| 1:56 | Ghoul |
| 2:05 | Rod of Necromancy |
| 2:07 | Sleep |
| 2:25 | Ghoul |
| 2:37 | Ghoul |
| 2:53 | Halls of the Dead |
| 3:02 | Ziggurat |
| 3:22 | Cannibalize |
| 3:25 | Unholy Strength |
| 4:05 | Vampiric Aura |
| 4:19 | Unholy Armor |
| 4:21 | Crypt Fiend |
| 4:59 | Crypt Fiend |
| 5:15 | Rod of Necromancy |
| 5:15 | Ritual Dagger |
| 5:45 | Crypt Fiend |
| 5:49 | Black Citadel |
| 6:31 | Vampiric Aura |
| 6:33 | Burrow |
| 6:50 | Ziggurat |
| 6:54 | Creature Attack |
| 7:17 | Crypt Fiend |
| 7:24 | Creature Carapace |
| 7:54 | Circlet of Nobility |
| 8:21 | Slaughterhouse |
| 8:22 | Slaughterhouse |
| 9:06 | Talisman of Evasion |
| 9:14 | Impale |
| 9:15 | Rod of Necromancy |
| 9:15 | Rod of Necromancy |
| 9:47 | Ghoul |
| 9:47 | Ghoul |
| 9:48 | Ghoul |
| 9:49 | Ghoul Frenzy |
| 10:20 | Ziggurat |
| 10:28 | Destroyer Form |
| 11:00 | Crypt |
| 11:16 | Orb of Corruption |
| 11:18 | Scroll of Healing |
| 11:21 | Rod of Necromancy |
| 11:26 | Ritual Dagger |
| 11:58 | Obsidian Statue |
| 12:00 | Gargoyle |
| 12:31 | Web |
| 12:39 | Gargoyle |
| 13:14 | Spiked Carapace |
| 13:17 | Sleep |
| 13:45 | Obsidian Statue |
| 13:47 | Gargoyle |
| 14:12 | Gargoyle |
| 14:53 | Death Coil |
| 14:55 | Gargoyle |
| 15:33 | Nerubian Tower |
| 15:45 | Obsidian Statue |
| 16:10 | Ghoul |
| 16:40 | Ring of Protection +4 |
| 16:40 | Ring of Protection +4 |
| 16:58 | Gargoyle |
| 16:59 | Gargoyle |
| 17:36 | Forest Troll Shadow Priest |
| 19:26 | Gargoyle |
| 19:29 | Disease Cloud |
| 19:30 | Abomination |
| 19:52 | Acolyte |
| 19:54 | Acolyte |
| 20:06 | Improved Creature Carapace |
| 20:56 | Gargoyle |
| 20:59 | Abomination |
| 21:29 | Potion of Healing |
| 21:34 | Gargoyle |
| 22:05 | Ring of Protection +3 |
| Select group | 1642 |
| Right click | 814 |
| Select | 564 |
| Misc. action | 123 |
| Build/train/purchase | 110 |
| Chat | 105 |
| Assign group | 55 |
| Use ability | 42 |
| Remove unit | 2 |
| Minimap ping | 1 |
50 units @ 6.6k
/ 0.7k
18 buildings @ 3k
/ 1.3k


| Lesser Clarity Potion | 1 | 70 |
| Moonstone | 1 | 50 |
| Scroll of Healing | 4 | 1000 |
| Scroll of Protection | 3 | 450 |
| total: | 9 | 1570g |
| Wisp | 22 | 1320 | / | 0 |
| Huntress | 15 | 2925 | / | 300 |
| Archer | 1 | 130 | / | 10 |
| Faerie Dragon | 2 | 310 | / | 50 |
| Hippogryph | 8 | 1280 | / | 160 |
| Chimaera | 2 | 660 | / | 140 |
| total: | 50 | 6625g | / | 660w |
| Ancient Protector | 3 | 405 | / | 240 |
| Altar of Elders | 1 | 180 | / | 50 |
| Moon Well | 6 | 1080 | / | 240 |
| Hunter's Hall | 1 | 210 | / | 100 |
| Ancient of War | 2 | 300 | / | 120 |
| Ancient of Wonders | 2 | 180 | / | 60 |
| Tree of Life | 1 | 340 | / | 185 |
| Ancient of Wind | 1 | 150 | / | 140 |
| Chimaera Roost | 1 | 140 | / | 190 |
| Tree of Ages | 1 | 320 | / | 180 |
| Tree of Eternity | 1 | 330 | / | 200 |
| total: | 18 | 2985g | / | 1325w |
| 0:02 | Wisp |
| 0:06 | Altar of Elders |
| 0:07 | Wisp |
| 0:17 | Moon Well |
| 0:18 | Wisp |
| 0:31 | Wisp |
| 0:33 | Wisp |
| 0:54 | Wisp |
| 0:56 | Wisp |
| 0:56 | Wisp |
| 1:24 | Wisp |
| 1:50 | Hunter's Hall |
| 1:53 | Ancient of War |
| 2:02 | Moon Well |
| 2:10 | Searing Arrows |
| 2:16 | Wisp |
| 2:16 | Wisp |
| 2:23 | Ancient of War |
| 2:33 | Wisp |
| 2:36 | Ancient of Wonders |
| 2:56 | Huntress |
| 3:06 | Moon Well |
| 3:28 | Huntress |
| 3:40 | Huntress |
| 4:01 | Huntress |
| 4:23 | Strength of the Moon |
| 4:29 | Huntress |
| 4:44 | Trueshot Aura |
| 5:03 | Huntress |
| 5:07 | Huntress |
| 5:08 | Huntress |
| 5:22 | Lesser Clarity Potion |
| 5:33 | Moon Well |
| 5:48 | Moon Armor |
| 6:29 | Tree of Ages |
| 6:32 | Sentinel |
| 6:52 | Trueshot Aura |
| 7:07 | Huntress |
| 7:09 | Huntress |
| 7:57 | Huntress |
| 8:00 | Moon Well |
| 8:15 | Moonstone |
| 8:26 | Huntress |
| 8:47 | Ancient of Wonders |
| 8:53 | Moon Glaive |
| 9:12 | Improved Moon Armor |
| 9:20 | Ancient of Wind |
| 9:39 | Searing Arrows |
| 10:00 | Huntress |
| 10:03 | Archer |
| 11:06 | Faerie Dragon |
| 11:13 | Tree of Eternity |
| 11:43 | Scroll of Healing |
| 11:50 | Scroll of Protection |
| 11:58 | Faerie Dragon |
| 12:01 | Huntress |
| 12:07 | Improved Strength of the Moon |
| 12:20 | Black Arrow |
| 12:56 | Huntress |
| 13:21 | Trueshot Aura |
| 13:36 | Silence |
| 13:44 | Tree of Life |
| 13:47 | Ancient Protector |
| 13:49 | Ancient Protector |
| 14:08 | Chimaera Roost |
| 14:14 | Scroll of Protection |
| 14:41 | Scroll of Healing |
| 14:54 | Hippogryph |
| 15:40 | Hippogryph |
| 15:43 | Chimaera |
| 15:49 | Wisp |
| 16:12 | Hippogryph |
| 16:50 | Wisp |
| 16:50 | Wisp |
| 16:51 | Wisp |
| 16:51 | Wisp |
| 17:20 | Hippogryph |
| 17:34 | Hippogryph |
| 17:52 | Hippogryph |
| 18:09 | Hippogryph |
| 18:24 | Hippogryph |
| 18:27 | Silence |
| 18:49 | Chimaera |
| 19:01 | Ancient Protector |
| 19:16 | Wisp |
| 19:16 | Wisp |
| 19:16 | Wisp |
| 19:17 | Wisp |
| 19:17 | Wisp |
| 19:40 | Scroll of Healing |
| 19:41 | Scroll of Healing |
| 19:41 | Scroll of Protection |
| 21:09 | Advanced Strength of the Moon |
| 21:14 | Moon Well |
| 22:20 | Starfall |
| 22:22 | Starfall |
| 22:29 | Black Arrow |
| Right click | 618 |
| Select group | 295 |
| Select | 280 |
| Build/train/purchase | 99 |
| Assign group | 41 |
| Use ability | 12 |
| Misc. action | 8 |
| Chat | 8 |
| Item give/drop | 2 |
| Remove unit | 1 |